 Dungeon Crawl Stone Soup version 0.23.2-40-g277498a (webtiles) character file.

Game seed: 1277777993121796233

3681 Fang the Fighter (level 10, -2/65 HPs)
             Began as a Gargoyle Berserker on Sept 10, 2019.
             Was a Priest of Trog.
             Slain by a brown very ugly thing (7 damage)
             ... on level 7 of the Dungeon.
             The game lasted 00:05:24 (7087 turns).

Fang the Fighter (Gargoyle Berserker)               Turns: 7087, Time: 00:05:24

Health: -2/65      AC: 18    Str: 25    XL:     10   Next: 13%
Magic:  10/10      EV: 11    Int:  7    God:    Trog [***...]
Gold:   354        SH:  0    Dex:  9    Spells: 9/9 levels left

rFire    . . .     SeeInvis .   a - +0 hand axe
rCold    . . .     Gourm    .   (no shield)
rNeg     + . .     Faith    .   b - +0 chain mail
rPois    ∞         Spirit   .   (no helmet)
rElec    +         Reflect  .   (no cloak)
rCorr    .         Harm     .   (no gloves)
MR       .....                  (no boots)
Stlth    ..........             (no amulet)
HPRegen  0.20/turn              (no ring)
MPRegen  0.12/turn              (no ring)

@: berserk cooldown, slowed, very slow
A: negative energy resistance 1, electricity resistance, unbreathing,
petrification resistance, rot immunity, AC +7
a: Berserk, Trog's Hand, Renounce Religion


You were on level 7 of the Dungeon.
You worshipped Trog.
Trog was most pleased with you.
You were very hungry.

You visited 2 branches of the dungeon, and saw 8 of its levels.
You visited the Abyss 1 time.

You collected 354 gold pieces.

Inventory:

Hand Weapons
 a - a +0 hand axe (weapon)
Armour
 b - a +0 chain mail (worn)
Wands
 o - a wand of flame (30)
 p - a wand of random effects (16)
 y - a wand of disintegration (7)
 z - a wand of paralysis (11)
 B - a wand of scattershot (3)
Scrolls
 d - 7 scrolls of identify {unknown}
 f - 2 scrolls of fear {unknown}
 g - 4 scrolls of enchant armour {unknown}
 h - 2 scrolls of amnesia {unknown}
 j - 4 scrolls of remove curse {unknown}
 k - 5 scrolls of random uselessness {unknown}
 l - a scroll of noise {unknown}
 q - a scroll of magic mapping {unknown}
 s - a scroll of fog {unknown}
 u - a scroll of enchant weapon {unknown}
 v - a scroll of teleportation {unknown}
Potions
 e - a potion of ambrosia {unknown}
 i - 4 potions of might {unknown}
 m - 2 potions of curing {unknown}
 n - a potion of flight {unknown}
 r - 3 potions of heal wounds {unknown}
 t - a potion of magic {unknown}
 w - a potion of haste {unknown}
 x - 3 potions of degeneration {unknown}
 A - a potion of brilliance {unknown}
Comestibles
 c - 9 rations
 C - 2 chunks of flesh


   Skills:
 + Level 8.5 Fighting
 + Level 7.1 Axes
 + Level 8.1 Armour
 + Level 6.1 Dodging


You had 9 spell levels left.
You didn't know any spells.
Your spell library was empty.

Dungeon Overview and Level Annotations

Branches:
Dungeon (7/15)             Temple (1/1) D:5

Altars:
Ashenzari
Cheibriados
Elyvilon
Ru
Uskayaw
Vehumet
Zin
The Shining One

Annotations:
D:3 1 runed translucent door, travis's ghost, amateur HuFi


Innate Abilities, Weirdness & Mutations

You are resistant to torment.
Your stone body is resilient. (AC +7)
You are immune to poison.
You resist negative energy. (rN+)
You are resistant to electric shocks. (rElec)
You can survive without breathing.
You are immune to petrification.
You are immune to rotting.


Message History

The substance of the Abyss twists violently, and a gateway leading out appears!
The green very ugly thing kicks you.
* * * LOW HITPOINT WARNING * * *
Some of the chunks of flesh in your inventory have rotted away.
The cyan very ugly thing bites you but does no damage.
You pass through the gate.
Welcome back to the Dungeon!
You feel a strong urge to attack something.
You are no longer berserk.
You are exhausted.
You feel yourself slow down.
The brown very ugly thing trunk-slaps you but does no damage.
The worker ant bites you but does no damage.
You completely miss the cyan very ugly thing.
The cyan very ugly thing is heavily wounded.
You completely miss the green very ugly thing.
You hit the worker ant but do no damage.
You closely miss the brown very ugly thing.
The brown very ugly thing trunk-slaps you!
You die...

.. #.# ... ....#
## #. ...#..##
#.## #..
#.#.$.#.##u=:##
#.#
#Ya...#a@up).##.#
#Y##u=:##.#
##.##.##.#
##.###.# ##.#.#
#####.#######
#...#.#...#..
#.#.....#.#.#
#..##.##..#.#


You could see 3 very ugly things, a wizard, a sky beast and a worker ant.

Vanquished Creatures
  A very ugly thing (Abyss:2)
  A centaur skeleton (D:6)
  Prince Ribbit (D:6)
  Sigmund (D:3)
  A hungry ghost (D:7)
  Edmund (D:6)
  Duvessa (D:6)
  2 sky beasts (D:6)
  A black bear (D:6)
  An ice beast (D:5)
  A necrophage (D:6)
  3 ogres
  2 centaurs
  A big kobold (D:7)
  Dowan (D:6)
  A scorpion (D:4)
  2 crimson imps (D:5)
  A quasit (D:5)
  A hound (D:6)
  An orc priest (D:3)
  A bullfrog skeleton (D:4)
  3 orc wizards
  An iguana (D:4)
  5 worker ants
  2 hound skeletons
  A mummy (D:6)
  10 adders
  A shadow imp (D:5)
  An adder zombie (D:5)
  2 adder skeletons (D:4)
  2 worms
  A dart slug (D:1)
  3 leopard geckos
  13 orcs
  2 ball pythons
  2 bats
  3 giant cockroaches
  3 goblins
  6 hobgoblins
  5 quokkas
  7 frilled lizards
  A jackal skeleton (D:5)
  8 kobolds
  A leopard gecko skeleton (D:5)
  A quokka zombie (D:5)
  8 rats
118 creatures vanquished.

Notes
Turn   | Place    | Note
-------+----------+-------------------------------------------
     0 | D:1      | Fang the Gargoyle Berserker began the quest for the Orb.
     0 | D:1      | Reached XP level 1. HP: 14/14 MP: 1/1
   147 | D:1      | Reached XP level 2. HP: 15/19 MP: 2/2
   913 | D:2      | Reached XP level 3. HP: 13/24 MP: 3/3
  1557 | D:2      | Reached XP level 4. HP: 24/29 MP: 4/4
  2105 | D:3      | Reached ** piety under Trog
  2105 | D:3      | Noticed Sigmund
  2157 | D:3      | Killed Sigmund
  2157 | D:3      | Reached XP level 5. HP: 10/34 MP: 5/5
  2157 | D:3      | Reached XP level 6. HP: 12/39 MP: 6/6
  2551 | D:3      | Found a sacrificial altar of Ru.
  2606 | D:3      | Found a glowing silver altar of Zin.
  2647 | D:3      | Found a runed translucent door.
  2647 | D:3      | Noticed travis's ghost (amateur HuFi)
  2984 | D:4      | Reached skill level 5 in Fighting
  2984 | D:4      | Reached XP level 7. HP: 20/44 MP: 7/7
  3767 | D:4      | Noticed a +0 dagger
  3768 | D:4      | Noticed a +0 hand axe
  3771 | D:4      | Found a hide-covered altar of Uskayaw.
  4081 | D:5      | Entered Level 5 of the Dungeon
  4534 | D:5      | Reached skill level 5 in Armour
  4535 | D:5      | Found a staircase to the Ecumenical Temple.
  4566 | D:5      | Reached XP level 8. HP: 27/51 MP: 8/8
  4712 | Temple   | Entered the Ecumenical Temple
  4880 | D:5      | Found a snail-covered altar of Cheibriados.
  4981 | D:5      | Found a shattered altar of Ashenzari.
  4997 | D:5      | Reached skill level 5 in Axes
  5111 | D:5      | Reached *** piety under Trog
  5792 | D:6      | Found a snail-covered altar of Cheibriados.
  6018 | D:6      | Noticed Prince Ribbit
  6181 | D:6      | Killed Prince Ribbit
  6181 | D:6      | Reached skill level 5 in Dodging
  6181 | D:6      | Reached XP level 9. HP: 57/57 MP: 9/9
  6291 | D:6      | Found a glowing golden altar of the Shining One.
  6291 | D:6      | Found a white marble altar of Elyvilon.
  6500 | D:6      | Found a radiant altar of Vehumet.
  6525 | D:6      | Noticed Duvessa
  6525 | D:6      | Noticed Dowan
  6542 | D:6      | Killed Duvessa
  6567 | D:6      | Killed Dowan
  6708 | D:6      | Noticed Edmund
  6729 | D:6      | Killed Edmund
  6904 | D:7      | Paralysed by fainting for 8 turns
  6982 | D:7      | Noticed a wizard
  6983 | D:7      | Noticed a brown very ugly thing
  6984 | D:7      | Cast into level 2 of the Abyss (a wizard)
  7061 | Abyss:2  | Noticed a green very ugly thing
  7063 | Abyss:2  | Noticed a green very ugly thing
  7064 | Abyss:2  | Noticed a green very ugly thing
  7082 | Abyss:2  | Noticed an ophan
  7084 | Abyss:2  | Killed a cyan very ugly thing
  7084 | Abyss:2  | Reached XP level 10. HP: 10/65 MP: 10/10
  7086 | D:7      | Escaped the Abyss
  7087 | D:7      | Slain by a brown very ugly thing

Skill      XL: |  1  2  3  4  5  6  7  8  9 |
---------------+----------------------------+-----
Axes           | 3 4 5 7 |  7.1
Dodging        | 2 3 5 6 |  6.1
Armour         | 3 4 5 6 8 |  8.1
Fighting       | 4 5 7 8 |  8.5

Action                   |  1- 3 |  4- 6 |  7- 9 | 10-12 || total
-------------------------+-------+-------+-------+-------++-------
Melee: Hand axe          |   108 |   150 |   518 |     1 ||   777
Invok: Berserk           |     1 |     2 |     6 |       ||     9
       Trog's Hand       |       |       |     1 |       ||     1
  Eat: Chunk             |     3 |     6 |    15 |       ||    24
       Ration            |       |       |     3 |       ||     3
Armor: Animal skin       |    27 |     2 |       |       ||    29
       Chain mail        |       |    94 |   332 |     3 ||   429
Dodge: Dodged            |    81 |   105 |   262 |       ||   448
